 Dungeon Crawl Stone Soup version 0.17-a0-1923-gc35365e (webtiles) character file.

154 ahoge the Covered (level 5, 0/33 HPs)
             Began as a Gargoyle Fighter on Sept 28, 2015.
             Slain by FurryRage's ghost (14 damage)
             ... on level 3 of the Dungeon.
             The game lasted 00:05:10 (1695 turns).

ahoge the Covered (Gargoyle Fighter)                Turns: 1695, Time: 00:05:11

Health: 0/33       AC: 11    Str: 20    XL:     5   Next: 35%
Magic:  5/5        EV:  8    Int:  8    God:
Gold:   110        SH:  9    Dex: 10    Spells: 0 memorised, 4 levels left

rFire  . . .     SeeInvis .     a - +0 flail
rCold  . . .     Clarity  .     b - +0 scale mail
rNeg   + . .     SustAt   .     c - +0 shield
rPois  ∞         Gourm    .     (no helmet)
rElec  +         Spirit   .     (no cloak)
rCorr  .         Warding  .     (no gloves)
rMut   .         Stasis   .     (no boots)
MR     .....                    (no amulet)
Stlth  ..........               (no ring)
                                (no ring)

@: not resistant to hostile enchantments, extremely unstealthy
A: negative energy resistance 1, electricity resistance, unbreathing,
petrification resistance, rot immunity, AC +4
a: no special abilities


You were on level 3 of the Dungeon.
You were not hungry.

You visited 1 branch of the dungeon, and saw 3 of its levels.

You collected 110 gold pieces.

Inventory:

Hand weapons
 a - a +0 flail (weapon)
Armour
 b - a +0 scale mail (worn)
 c - a +0 shield (worn)
Jewellery
 s - a cursed ring of positive energy {unknown}
Scrolls
 f - a scroll of remove curse {unknown}
 l - a scroll of immolation {unknown}
 n - 2 scrolls of identify {unknown}
 o - 3 scrolls of amnesia {unknown}
 p - a scroll of recharging {unknown}
 r - a scroll of enchant weapon {unknown}
Potions
 d - 2 potions of might
 h - a potion of agility {unknown}
 i - a potion of lignification {unknown}
 j - a potion of flight {unknown}
 k - a potion of cure mutation {unknown}
Comestibles
 e - a bread ration
 g - a royal jelly
 m - 8 chunks of flesh
 q - 2 fruits


   Skills:
 + Level 4.0 Fighting
 + Level 2.2 Maces & Flails
 + Level 4.4 Armour
 + Level 1.8 Dodging
 + Level 4.2 Shields


You had 4 spell levels left.
You didn't know any spells.

Dungeon Overview and Level Annotations

Branches:
Dungeon (3/15)

Altars:

Annotations:
D:3 FurryRage's ghost, average MiBe


Innate Abilities, Weirdness & Mutations

You are resistant to torment.
Your stone body is resilient (AC +4).
You are immune to poison.
You resist negative energy.
You are resistant to electric shocks.
You can survive without breathing.
You are immune to petrification.
You are immune to rotting.


Message History

No target in view!
No target in view!
No target in view!
FurryRage's ghost (average Minotaur Berserker) comes into view.
FurryRage's ghost turns its malevolent gaze towards you.
A quokka comes into view.
Found a hand axe.
You completely miss FurryRage's ghost.
FurryRage's ghost completely misses you.
FurryRage's ghost mumbles, "They all look like pillowcases to me..."
FurryRage's ghost hits you!
You hit FurryRage's ghost but do no damage.
You block FurryRage's ghost's attack.
You hit FurryRage's ghost but do no damage.
FurryRage's ghost hits you.
The quokka twitches its whiskers.
FurryRage's ghost barely misses you.
Your shield and scale mail prevent you from hitting FurryRage's ghost.
FurryRage's ghost hits you!
You die...

#..... #...... .......
....... #.# ....... #..
......) # ##.#
####.......
.#####..#######.@Wr......
..............#.###......
##............#.# .....
....<...........# ####
#.##...........##
#.#..#.........#
....######...### ...##
#....####### ..##
##..........#


You could see FurryRage's ghost and a quokka.

Vanquished Creatures
  5 adders
  6 gnolls
  A worm (D:2)
  An orc (D:3)
  6 bats
  A giant cockroach (D:2)
  5 goblins
  7 hobgoblins
  4 jackals (D:2)
  A quokka (D:2)
  A ball python (D:3)
  A giant newt (D:2)
  5 kobolds
  7 rats
51 creatures vanquished.

Notes
Turn   | Place    | Note
--------------------------------------------------------------
     0 | D:1      | ahoge the Gargoyle Fighter began the quest for the Orb.
     0 | D:1      | Reached XP level 1. HP: 14/14 MP: 1/1
   413 | D:1      | Reached XP level 2. HP: 19/19 MP: 2/2
   897 | D:2      | Reached skill level 1 in Dodging
   897 | D:2      | Reached XP level 3. HP: 8/23 MP: 3/3
  1116 | D:2      | Reached XP level 4. HP: 19/28 MP: 4/4
  1126 | D:2      | Reached skill level 4 in Armour
  1503 | D:3      | Reached XP level 5. HP: 33/33 MP: 5/5
  1688 | D:3      | Noticed FurryRage's ghost (average MiBe)
  1695 | D:3      | Slain by FurryRage's ghost

Vault maps used:
D:1:      dpeg_arrival_water_temple_mockup, minivault_11
D:2:      nrook_loot_triangle, minivault_27, minmay_misc_feat_rows

Action                   |  1- 3 |  4- 6 || total
-------------------------+-------+-------++-------
Melee: Flail             |   108 |    88 ||   196
  Eat: Chunk             |     1 |     2 ||     3
